MID
FORT WAYNE TINCAPS @ AUGUSTA GREENJACKETS
05/14/2048
 
TOP OF THE 1ST
Fort Wayne TinCaps batting - Pitching for Augusta GreenJackets : RHP Danny MacKinnon
Pitching: RHP Danny MacKinnon
Batting: SHB Detlef Oursler 0-0: Ball
1-0: Called Strike
1-1: Foul Ball, location: 2F
1-2: Strikes out swinging
Batting: LHB Tony Contreras 0-0: Called Strike
0-1: Ball
1-1: Fly out, F9 (Flyball, 9D, EV 100.6 MPH)
Batting: RHB Dave Cordero 0-0: Called Strike
0-1: Foul Ball, location: 2F
0-2: Fly out, F6 (Popup, 6MD, EV 50.0 MPH)
Top of the 1st over - 0 runs, 0 hits, 0 errors, 0 left on base; Fort Wayne 0 - Augusta 0
BOTTOM OF THE 1ST
Augusta GreenJackets batting - Pitching for Fort Wayne TinCaps : RHP Josh Thorne
Pitching: RHP Josh Thorne
Batting: RHB Ryan Bentz 0-0: Ball
1-0: Ball
2-0: Ball
3-0: Called Strike
3-1: Ground out 6-3 (Groundball, 6, EV 103.1 MPH)
Batting: RHB Vinny Torres 0-0: Called Strike
0-1: Foul Ball, location: 2F
0-2: Strikes out looking
Batting: RHB Coen Dirks 0-0: Ground out 2-3 (Groundball, 2R, EV 71.2 MPH)
Bottom of the 1st over - 0 runs, 0 hits, 0 errors, 0 left on base; Fort Wayne 0 - Augusta 0
TOP OF THE 2ND
Fort Wayne TinCaps batting - Pitching for Augusta GreenJackets : RHP Danny MacKinnon
Batting: LHB Sean Trueblood 0-0: Ball
1-0: Fly out, F6 (Popup, 6, EV 61.9 MPH)
Batting: LHB Justin Alworth 0-0: Ball
1-0: Ball
2-0: Called Strike
2-1: Ball
3-1: Swinging Strike
3-2: Strikes out swinging
Batting: LHB Javy Portela 0-0: Foul Ball, location: 2F
0-1: Called Strike
0-2: Foul Ball, location: 2F
0-2: Ball
1-2: Foul Ball, location: 2F
1-2: Fly out, F9 (Flyball, 89D, EV 95.0 MPH)
Top of the 2nd over - 0 runs, 0 hits, 0 errors, 0 left on base; Fort Wayne 0 - Augusta 0
BOTTOM OF THE 2ND
Augusta GreenJackets batting - Pitching for Fort Wayne TinCaps : RHP Josh Thorne
Batting: LHB Mike Roberts 0-0: Foul Ball, location: 2F
0-1: Ball
1-1: Foul Ball, location: 2F
1-2: Ground out 6-3 (Groundball, 6MS, EV 71.2 MPH)
Batting: LHB Oscar Tamayo 0-0: Ball
1-0: Swinging Strike
1-1: Fly out, F9 (Flyball, 89M, EV 93.1 MPH)
Batting: RHB Ryan Roberts 0-0: Called Strike
0-1: Ball
1-1: Fly out, F7 (Line Drive, 78D, EV 86.9 MPH)
Bottom of the 2nd over - 0 runs, 0 hits, 0 errors, 0 left on base; Fort Wayne 0 - Augusta 0
TOP OF THE 3RD
Fort Wayne TinCaps batting - Pitching for Augusta GreenJackets : RHP Danny MacKinnon
Batting: LHB Ryan Anderson 0-0: Ball
1-0: Ground out 4-3 (Groundball, 4M, EV 88.1 MPH)
Batting: RHB Danny Gallegos 0-0: Called Strike
0-1: Swinging Strike
0-2: Strikes out swinging
Batting: RHB Ricky Trejo 0-0: Fly out, F7 (Flyball, 7D, EV 80.6 MPH)
Top of the 3rd over - 0 runs, 0 hits, 0 errors, 0 left on base; Fort Wayne 0 - Augusta 0
BOTTOM OF THE 3RD
Augusta GreenJackets batting - Pitching for Fort Wayne TinCaps : RHP Josh Thorne
Batting: LHB Alex Larangho 0-0: Called Strike
0-1: DOUBLE (Line Drive, 8LXD, EV 113.1 MPH)
Batting: RHB Tsugio Yamaguchi 0-0: Swinging Strike
0-1: Ball
1-1: Swinging Strike
1-2: Foul Ball, location: 2F
1-2: Strikes out swinging
Batting: RHB Chris Kulik 0-0: Ball
Wild Pitch!
Alex Larangho to third
1-0: Ball
2-0: Ground out 6-3 (Groundball, 56D, EV 91.9 MPH)
Alex Larangho scores
Batting: RHB Ryan Bentz 0-0: Ball
1-0: Ball
2-0: Ball
3-0: Swinging Strike
3-1: Called Strike
3-2: Ground out 6-3 (Groundball, 6, EV 85.0 MPH)
Bottom of the 3rd over - 1 run, 1 hit, 0 errors, 0 left on base; Fort Wayne 0 - Augusta 1
TOP OF THE 4TH
Fort Wayne TinCaps batting - Pitching for Augusta GreenJackets : RHP Danny MacKinnon
Batting: SHB Detlef Oursler 0-0: Bunt for hit to 15S - play at first, batter OUT! 1-3
Batting: LHB Tony Contreras 0-0: Ball
1-0: Swinging Strike
1-1: Called Strike
1-2: Ball
2-2: Foul Ball, location: 2F
2-2: Ball
3-2: Foul Ball, location: 2F
3-2: Foul Ball, location: 2F
3-2: Base on Balls
Batting: RHB Dave Cordero 0-0: Ball
1-0: Ball
2-0: DOUBLE (Line Drive, 7LM, EV 110.6 MPH)
Tony Contreras to third
Runner from 3rd tries for Home, SAFE, throw by LF to home
Batting: LHB Sean Trueblood 0-0: Called Strike
0-1: Foul Ball, location: 2F
0-2: Strikes out swinging
Batting: LHB Justin Alworth 0-0: Foul Ball, location: 2F
0-1: Ball
1-1: Swinging Strike
1-2: Fly out, F6 (Popup, 6MS, EV 78.1 MPH)
Top of the 4th over - 1 run, 1 hit, 0 errors, 1 left on base; Fort Wayne 1 - Augusta 1
BOTTOM OF THE 4TH
Augusta GreenJackets batting - Pitching for Fort Wayne TinCaps : RHP Josh Thorne
Batting: RHB Vinny Torres 0-0: Called Strike
0-1: Reached on error, E5 (Groundball, 56S, EV 84.4 MPH)
Batting: RHB Coen Dirks 0-0: Called Strike
0-1: Ball
1-1: Swinging Strike
1-2: Strikes out looking
Batting: LHB Mike Roberts 0-0: Ground out 4-3 (Groundball, 4, EV 107.5 MPH)
Vinny Torres to third
Batting: LHB Oscar Tamayo 0-0: Called Strike
0-1: Foul Ball, location: 2F
0-2: Strikes out swinging
Bottom of the 4th over - 0 runs, 0 hits, 1 error, 1 left on base; Fort Wayne 1 - Augusta 1
TOP OF THE 5TH
Fort Wayne TinCaps batting - Pitching for Augusta GreenJackets : RHP Danny MacKinnon
Batting: LHB Javy Portela 0-0: Called Strike
0-1: Called Strike
0-2: Foul Ball, location: 2F
0-2: Ball
1-2: Fly out, F7 (Line Drive, 7LM, EV 93.1 MPH)
Batting: LHB Ryan Anderson 0-0: Ball
1-0: Called Strike
1-1: Foul Ball, location: 2F
1-2: Ground out 6-3 (Groundball, 6, EV 106.2 MPH)
Batting: RHB Danny Gallegos 0-0: Ball
1-0: Called Strike
1-1: Ball
2-1: Foul Ball, location: 2F
2-2: Strikes out looking
Top of the 5th over - 0 runs, 0 hits, 0 errors, 0 left on base; Fort Wayne 1 - Augusta 1
BOTTOM OF THE 5TH
Augusta GreenJackets batting - Pitching for Fort Wayne TinCaps : RHP Josh Thorne
Batting: RHB Ryan Roberts 0-0: Ball
1-0: Ball
2-0: Swinging Strike
2-1: Foul Ball, location: 2F
2-2: SINGLE (Groundball, 56D, EV 103.8 MPH)
Batting: LHB Alex Larangho 0-0: Called Strike
0-1: Ball
1-1: Swinging Strike
1-2: Strikes out looking
Batting: RHB Tsugio Yamaguchi 0-0: Ground out 5-3 (Groundball, 56S, EV 78.1 MPH)
Ryan Roberts to second
Batting: RHB Chris Kulik 0-0: Fly out, F9 (Flyball, 89M, EV 86.2 MPH)
Bottom of the 5th over - 0 runs, 1 hit, 0 errors, 1 left on base; Fort Wayne 1 - Augusta 1
TOP OF THE 6TH
Fort Wayne TinCaps batting - Pitching for Augusta GreenJackets : RHP Danny MacKinnon
Batting: RHB Ricky Trejo 0-0: Foul Ball, location: 2F
0-1: Swinging Strike
0-2: Strikes out looking
Batting: SHB Detlef Oursler 0-0: Foul Ball, location: 2F
0-1: Called Strike
0-2: Ball
1-2: Ball
2-2: Ball
3-2: Strikes out swinging
Batting: LHB Tony Contreras 0-0: Ball
1-0: Foul Ball, location: 2F
1-1: Foul Ball, location: 2F
1-2: Ground out 4-3 (Groundball, 34, EV 86.9 MPH)
Top of the 6th over - 0 runs, 0 hits, 0 errors, 0 left on base; Fort Wayne 1 - Augusta 1
BOTTOM OF THE 6TH
Augusta GreenJackets batting - Pitching for Fort Wayne TinCaps : RHP Josh Thorne
Batting: RHB Ryan Bentz 0-0: Ball
1-0: Ball
2-0: Ball
3-0: Base on Balls
Batting: RHB Vinny Torres 0-0: Called Strike
Ryan Bentz steals 2nd base
0-1: Ball
1-1: Foul Ball, location: 2F
1-2: Ball
2-2: Strikes out swinging
Batting: RHB Coen Dirks 0-0: Called Strike
0-1: Foul Ball, location: 2F
0-2: Foul Ball, location: 2F
0-2: Ball
1-2: Ball
2-2: Strikes out swinging
Batting: LHB Mike Roberts 0-0: Ball
1-0: Fly out, F8 (Line Drive, 8RD, EV 91.2 MPH)
Bottom of the 6th over - 0 runs, 0 hits, 0 errors, 1 left on base; Fort Wayne 1 - Augusta 1
TOP OF THE 7TH
Fort Wayne TinCaps batting - Pitching for Augusta GreenJackets : RHP Danny MacKinnon
Batting: RHB Dave Cordero 0-0: Ball
1-0: Ball
2-0: SINGLE (Groundball, 56D, EV 108.1 MPH)
Batting: LHB Sean Trueblood 0-0: Foul Ball, location: 2F
0-1: Ball
1-1: Ball
2-1: Called Strike
Dave Cordero steals 2nd base
2-2: Ball
3-2: Foul Ball, location: 2F
3-2: SINGLE (Groundball, 6MS, EV 89.4 MPH) (infield hit)
Dave Cordero to third
Batting: LHB Justin Alworth 0-0: Ball
1-0: Ball
2-0: Ball
3-0: Base on Balls
Sean Trueblood to second
Pitching: RHP Kevin Spencer
Batting: LHB Javy Portela 0-0: Foul Ball, location: 2F
0-1: Foul Ball, location: 2F
0-2: Ball
1-2: Foul Ball, location: 2F
1-2: Ball
2-2: SINGLE (Groundball, 56, EV 96.2 MPH)
Dave Cordero scores
Sean Trueblood to third
Justin Alworth to second
Runner from 3rd tries for Home, SAFE, throw by LF to home
Batting: LHB Ryan Anderson 0-0: Ball
1-0: Called Strike
1-1: Ball
2-1: Ball
3-1: Base on Balls
Justin Alworth to third
Javy Portela to second
Batting: RHB Danny Gallegos 0-0: Ball
1-0: Ball
2-0: Ball
3-0: Called Strike
3-1: Base on Balls
Justin Alworth scores
Javy Portela to third
Ryan Anderson to second
Batting: RHB Ricky Trejo 0-0: Grounds into fielders choice 4-2 (Groundball, 4, EV 88.8 MPH)
Ryan Anderson to third
Danny Gallegos to second
Batting: SHB Detlef Oursler 0-0: Foul Ball, location: 2F
0-1: Ball
1-1: Ball
2-1: Ball
3-1: Base on Balls
Ryan Anderson scores
Danny Gallegos to third
Ricky Trejo to second
Batting: LHB Tony Contreras 0-0: Ball
1-0: Ball
2-0: Swinging Strike
2-1: Fielders Choice at 2nd, 5-4 (Groundball, 5, EV 105.0 MPH)
Danny Gallegos scores
Ricky Trejo to third
Batting: RHB Dave Cordero 0-0: Ground out 5-3 (Groundball, 5S, EV 89.4 MPH)
Top of the 7th over - 5 runs, 3 hits, 0 errors, 2 left on base; Fort Wayne 6 - Augusta 1
BOTTOM OF THE 7TH
Augusta GreenJackets batting - Pitching for Fort Wayne TinCaps : RHP Josh Thorne
Batting: LHB Oscar Tamayo 0-0: Called Strike
0-1: Ground out 6-3 (Groundball, 6, EV 93.1 MPH)
Batting: RHB Ryan Roberts 0-0: Ball
1-0: SOLO HOME RUN (Line Drive, 78XD, EV 111.2 MPH), Distance : 434 ft
Batting: LHB Alex Larangho 0-0: Called Strike
0-1: Foul Ball, location: 2F
0-2: Foul Ball, location: 2F
0-2: SINGLE (Groundball, 4MD, EV 96.9 MPH)
Pitching: RHP Mike Swenson
Batting: RHB Tsugio Yamaguchi 0-0: Foul Ball, location: 2F
0-1: Ball
Passed Ball!
Alex Larangho to second
1-1: Foul Ball, location: 2F
1-2: Strikes out swinging
Batting: RHB Chris Kulik 0-0: Foul Ball, location: 2F
0-1: Ground out U3 (Groundball, 34, EV 90.0 MPH)
Bottom of the 7th over - 1 run, 2 hits, 0 errors, 1 left on base; Fort Wayne 6 - Augusta 2
TOP OF THE 8TH
Fort Wayne TinCaps batting - Pitching for Augusta GreenJackets : RHP Kevin Spencer
Pitching: RHP Tucker Perillo
Batting: LHB Sean Trueblood 0-0: Ball
1-0: Ball
2-0: Called Strike
2-1: Foul Ball, location: 2F
2-2: Ball
3-2: Base on Balls
Batting: LHB Justin Alworth 0-0: Called Strike
0-1: DOUBLE (Line Drive, 5D, EV 98.8 MPH)
Sean Trueblood to third
Pitching: RHP Eddie Ramirez
Batting: LHB Javy Portela 0-0: Called Strike
0-1: Ball
1-1: Called Strike
1-2: Foul Ball, location: 2F
1-2: Ball
2-2: Foul Ball, location: 2F
2-2: Ball
3-2: Fly out, F5 (Popup, 25F, EV 80.6 MPH)
Batting: LHB Ryan Anderson 0-0: Foul Ball, location: 2F
0-1: Ball
1-1: Swinging Strike
1-2: Strikes out looking
Batting: RHB Danny Gallegos 0-0: Ball
1-0: Ball
2-0: Called Strike
2-1: Ground out 6-3 (Groundball, 6S, EV 66.9 MPH)
Top of the 8th over - 0 runs, 1 hit, 0 errors, 2 left on base; Fort Wayne 6 - Augusta 2
BOTTOM OF THE 8TH
Augusta GreenJackets batting - Pitching for Fort Wayne TinCaps : RHP Mike Swenson
Batting: RHB Ryan Bentz 0-0: Called Strike
0-1: Foul Ball, location: 2F
0-2: Ball
1-2: Strikes out swinging
Batting: RHB Vinny Torres 0-0: Called Strike
0-1: Ground out 1-3 (Groundball, 13, EV 73.1 MPH)
Batting: RHB Coen Dirks 0-0: Ball
1-0: SINGLE (Groundball, 6MD, EV 106.2 MPH)
Batting: LHB Mike Roberts 0-0: Called Strike
0-1: Ball
1-1: Swinging Strike
1-2: Ball
Wild Pitch!
Coen Dirks to second
2-2: Foul Ball, location: 2F
2-2: Strikes out swinging, 2-3 out at first.
Bottom of the 8th over - 0 runs, 1 hit, 0 errors, 1 left on base; Fort Wayne 6 - Augusta 2
TOP OF THE 9TH
Fort Wayne TinCaps batting - Pitching for Augusta GreenJackets : RHP Eddie Ramirez
Pitching: RHP Sam Drews
Batting: RHB Ricky Trejo 0-0: Ball
1-0: Foul Ball, location: 2F
1-1: Ball
2-1: Swinging Strike
2-2: Strikes out swinging
Batting: SHB Detlef Oursler 0-0: Ground out 4-3 (Groundball, 4, EV 85.6 MPH)
Batting: LHB Tony Contreras 0-0: Foul Ball, location: 2F
0-1: Called Strike
0-2: Ball
1-2: Ball
2-2: Foul Ball, location: 2F
2-2: Strikes out swinging
Top of the 9th over - 0 runs, 0 hits, 0 errors, 0 left on base; Fort Wayne 6 - Augusta 2
BOTTOM OF THE 9TH
Augusta GreenJackets batting - Pitching for Fort Wayne TinCaps : RHP Mike Swenson
Pitching: RHP Ubbe Dekker
Batting: LHB Oscar Tamayo 0-0: Ground out 6-3 (Groundball, 4M, EV 90.0 MPH)
Batting: RHB Ryan Roberts 0-0: Called Strike
0-1: Foul Ball, location: 2F
0-2: Foul Ball, location: 2F
0-2: Ball
1-2: Ball
2-2: Ball
3-2: Strikes out swinging
Batting: LHB Alex Larangho 0-0: Called Strike
0-1: Foul Ball, location: 2F
0-2: Foul Ball, location: 2F
0-2: Foul Ball, location: 2F
0-2: Strikes out swinging
Bottom of the 9th over - 0 runs, 0 hits, 0 errors, 0 left on base; Fort Wayne 6 - Augusta 2
Tuesday, March 28th , 2023 - OOTP Baseball 23.10 Build 110